SL
NEW AMSTERDAM REPUBLICS @ CHICAGO GOLD SOX
09/26/2018
 
TOP OF THE 1ST
New Amsterdam Republics batting - Pitching for Chicago Gold Sox : RHP John Brown
Pitching: RHP John Brown
Batting: RHB José Ramírez 0-0: Called Strike
0-1: TRIPLE (Flyball, 9LD)
Batting: RHB Doug Reed 0-0: Called Strike
0-1: Fly out, F8 (Flyball, 8RM)
Runner from 3rd tags up, SCORES, no throw
Batting: LHB Steve Ingram 0-0: Ball
1-0: Called Strike
1-1: Ground out 4-3 (Groundball, 4M)
Batting: RHB Carlos Ortega 0-0: Called Strike
0-1: Ball
1-1: Foul Ball, location: 2F
1-2: Strikes out swinging
Top of the 1st over - 1 run(s), 1 hit(s), 0 error(s), 0 left on base; New Amsterdam 1 - Chicago 0
BOTTOM OF THE 1ST
Chicago Gold Sox batting - Pitching for New Amsterdam Republics : LHP Jeff Hale
Pitching: LHP Jeff Hale
Batting: RHB John Farrell 0-0: Ball
1-0: Ball
2-0: Ball
3-0: Called Strike
3-1: Swinging Strike
3-2: Foul Ball, location: 2F
3-2: Ground out 4-3 (Groundball, 34)
Batting: RHB Daniel Lallanilla 0-0: Called Strike
0-1: Ball
1-1: DOUBLE (Flyball, 78XD)
Batting: LHB Noel Ballard 0-0: Called Strike
0-1: Ball
1-1: Ball
2-1: Ball
3-1: Foul Ball, location: 2F
3-2: Fly out, F5 (Popup, 5SF)
Batting: RHB Craig Stewart 0-0: Called Strike
0-1: Ball
1-1: Foul Ball, location: 2F
1-2: Ball
2-2: Foul Ball, location: 2F
2-2: Ball
3-2: Base on Balls
Batting: RHB Pablo Trujillo 0-0: Ball
1-0: Ball
2-0: Ball
3-0: Called Strike
3-1: Swinging Strike
3-2: SINGLE (Groundball, 56)
Daniel Lallanilla to third
Craig Stewart to second
Daniel Lallanilla scores
Craig Stewart to third
Batting: RHB Juan Orozco 0-0: Ball
1-0: Called Strike
1-1: Swinging Strike
1-2: Ball
2-2: Foul Ball, location: 2F
2-2: Ground out 4-3 (Groundball, 4)
Bottom of the 1st over - 1 run(s), 2 hit(s), 0 error(s), 2 left on base; New Amsterdam 1 - Chicago 1
TOP OF THE 2ND
New Amsterdam Republics batting - Pitching for Chicago Gold Sox : RHP John Brown
Batting: LHB Arturo Acosta 0-0: Ball
1-0: Called Strike
1-1: Ball
2-1: Foul Ball, location: 2F
2-2: Ball
3-2: Ground out U3 (Groundball, 3)
Batting: RHB Fernando López 0-0: Foul Ball, location: 2F
0-1: Ball
1-1: Ball
2-1: Foul Ball, location: 2F
2-2: SINGLE (Line Drive, 34)
Batting: LHB Stan Lewis 0-0: Ball
1-0: Ball
2-0: Ball
3-0: Base on Balls
Fernando López to second
Batting: RHB Ronald Shelton 0-0: Ball
1-0: Grounds into double play, 6-4-3 (Groundball, 6)
Top of the 2nd over - 0 run(s), 1 hit(s), 0 error(s), 1 left on base; New Amsterdam 1 - Chicago 1
BOTTOM OF THE 2ND
Chicago Gold Sox batting - Pitching for New Amsterdam Republics : LHP Jeff Hale
Batting: RHB Mike Brown 0-0: Ground out 4-3 (Groundball, 4)
Batting: RHB Wayne Bannatyne 0-0: Foul Ball, location: 2F
0-1: Foul Ball, location: 2F
0-2: SINGLE (Groundball, 4MD)
Batting: RHB John Brown 0-0: Called Strike
0-1: Sac Bunt - play at first, batter OUT! 5-4
Wayne Bannatyne to second
Batting: RHB John Farrell 0-0: Ball
1-0: Ball
2-0: Ball
3-0: Called Strike
3-1: Fly out, F8 (Flyball, 8LD)
Bottom of the 2nd over - 0 run(s), 1 hit(s), 0 error(s), 1 left on base; New Amsterdam 1 - Chicago 1
TOP OF THE 3RD
New Amsterdam Republics batting - Pitching for Chicago Gold Sox : RHP John Brown
Batting: RHB Jeff Hale 0-0: Foul Ball, location: 2F
0-1: Foul Ball, location: 2F
0-2: Ground out 6-3 (Groundball, 6)
Batting: RHB José Ramírez 0-0: Swinging Strike
0-1: Swinging Strike
0-2: Strikes out looking
Batting: RHB Doug Reed 0-0: Called Strike
0-1: Ground out 1-3 (Groundball, 15)
Top of the 3rd over - 0 run(s), 0 hit(s), 0 error(s), 0 left on base; New Amsterdam 1 - Chicago 1
BOTTOM OF THE 3RD
Chicago Gold Sox batting - Pitching for New Amsterdam Republics : LHP Jeff Hale
Batting: RHB Daniel Lallanilla 0-0: DOUBLE (Popup, 89M)
Batting: LHB Noel Ballard 0-0: Foul Ball, location: 2F
0-1: Called Strike
0-2: Ball
1-2: Strikes out swinging
Batting: RHB Craig Stewart 0-0: Ball
1-0: Fly out, F9 (Flyball, 8RM)
Batting: RHB Pablo Trujillo 0-0: Swinging Strike
0-1: Ball
1-1: Foul Ball, location: 2F
1-2: Fly out, F6 (Popup, 6D)
Bottom of the 3rd over - 0 run(s), 1 hit(s), 0 error(s), 1 left on base; New Amsterdam 1 - Chicago 1
TOP OF THE 4TH
New Amsterdam Republics batting - Pitching for Chicago Gold Sox : RHP John Brown
Batting: LHB Steve Ingram 0-0: Called Strike
0-1: Ball
1-1: Ball
2-1: Foul Ball, location: 2F
2-2: Ball
3-2: Strikes out swinging
Batting: RHB Carlos Ortega 0-0: Ball
1-0: Ball
2-0: Fly out, F8 (Flyball, 8LD)
Batting: LHB Arturo Acosta 0-0: Ball
1-0: Swinging Strike
1-1: Ball
2-1: Ground out 3-1 (Groundball, 3L)
Top of the 4th over - 0 run(s), 0 hit(s), 0 error(s), 0 left on base; New Amsterdam 1 - Chicago 1
BOTTOM OF THE 4TH
Chicago Gold Sox batting - Pitching for New Amsterdam Republics : LHP Jeff Hale
Batting: RHB Juan Orozco 0-0: Ball
1-0: Ball
2-0: Foul Ball, location: 2F
2-1: Ball
3-1: SINGLE (Line Drive, 9S)
Batting: RHB Mike Brown 0-0: Called Strike
0-1: Ball
1-1: Swinging Strike
1-2: Ball
2-2: Foul Ball, location: 2F
2-2: Ball
3-2: Foul Ball, location: 2F
3-2: Foul Ball, location: 2F
3-2: Fielders Choice at 2nd, 4-6 (Groundball, 4)
Batting: RHB Wayne Bannatyne 0-0: Called Strike
0-1: Ball
1-1: Ball
2-1: Called Strike
2-2: Foul Ball, location: 2F
2-2: Strikes out swinging
Batting: RHB John Brown 0-0: Ball
1-0: Fly out, F3 (Popup, 34S)
Bottom of the 4th over - 0 run(s), 1 hit(s), 0 error(s), 1 left on base; New Amsterdam 1 - Chicago 1
TOP OF THE 5TH
New Amsterdam Republics batting - Pitching for Chicago Gold Sox : RHP John Brown
Batting: RHB Fernando López 0-0: Fly out, F5 (Popup, 15)
Batting: LHB Stan Lewis 0-0: Called Strike
0-1: Foul Ball, location: 2F
0-2: Ball
1-2: Foul Ball, location: 2F
1-2: Ground out 1-3 (Groundball, 23)
Batting: RHB Ronald Shelton 0-0: Foul Ball, location: 2F
0-1: Ball
1-1: Ball
2-1: Foul Ball, location: 2F
2-2: Foul Ball, location: 2F
2-2: Ground out 5-3 (Groundball, 5)
Top of the 5th over - 0 run(s), 0 hit(s), 0 error(s), 0 left on base; New Amsterdam 1 - Chicago 1
BOTTOM OF THE 5TH
Chicago Gold Sox batting - Pitching for New Amsterdam Republics : LHP Jeff Hale
Batting: RHB John Farrell 0-0: Ball
1-0: Called Strike
1-1: Foul Ball, location: 2F
1-2: Ball
2-2: Ball
3-2: Foul Ball, location: 2F
3-2: Strikes out swinging
Batting: RHB Daniel Lallanilla 0-0: Ball
1-0: Called Strike
1-1: Ball
2-1: Ground out 6-3 (Groundball, 6M)
Batting: LHB Noel Ballard 0-0: Ball
1-0: Ball
2-0: Ball
3-0: Called Strike
3-1: DOUBLE (Groundball, 5L)
Batting: RHB Craig Stewart 0-0: Called Strike
0-1: Ball
1-1: Ball
2-1: Ground out 6-3 (Groundball, 6)
Bottom of the 5th over - 0 run(s), 1 hit(s), 0 error(s), 1 left on base; New Amsterdam 1 - Chicago 1
TOP OF THE 6TH
New Amsterdam Republics batting - Pitching for Chicago Gold Sox : RHP John Brown
Batting: RHB Jeff Hale 0-0: Ball
1-0: Called Strike
1-1: Swinging Strike
1-2: Strikes out swinging
Batting: RHB José Ramírez 0-0: Ground out 5-3 (Groundball, 56S)
Batting: RHB Doug Reed 0-0: Ball
1-0: Ball
2-0: Swinging Strike
2-1: Foul Ball, location: 2F
2-2: Ball
3-2: Fly out, F8 (Flyball, 8RS)
Top of the 6th over - 0 run(s), 0 hit(s), 0 error(s), 0 left on base; New Amsterdam 1 - Chicago 1
BOTTOM OF THE 6TH
Chicago Gold Sox batting - Pitching for New Amsterdam Republics : LHP Jeff Hale
Batting: RHB Pablo Trujillo 0-0: Ball
1-0: Foul Ball, location: 2F
1-1: Ball
2-1: Ground out 6-3 (Groundball, 6)
Batting: RHB Juan Orozco 0-0: Swinging Strike
0-1: Foul Ball, location: 2F
0-2: Ball
1-2: SINGLE (Groundball, 15S) (infield hit)
Pitching: RHP Decheng Sun
Batting: RHB Mike Brown 0-0: Ball
1-0: Foul Ball, location: 2F
1-1: Foul Ball, location: 2F
1-2: SINGLE (Line Drive, 56D)
Juan Orozco to second
Batting: RHB Wayne Bannatyne 0-0: Ball
1-0: Foul Ball, location: 2F
1-1: Ball
2-1: Swinging Strike
2-2: SINGLE (Line Drive, 89M)
Juan Orozco to third
Mike Brown to second
Pinch Hitting: LHB Ron Goodwin 0-0: Ball
1-0: Ball
2-0: Called Strike
2-1: Swinging Strike
2-2: Ground out U3 (Groundball, 3S)
Juan Orozco scores
Mike Brown to third
Wayne Bannatyne to second
Batting: RHB John Farrell 0-0: Ball
1-0: Ball
2-0: Fly out, F9 (Flyball, 89XD)
Bottom of the 6th over - 1 run(s), 3 hit(s), 0 error(s), 2 left on base; New Amsterdam 1 - Chicago 2
TOP OF THE 7TH
New Amsterdam Republics batting - Pitching for Chicago Gold Sox : RHP John Brown
Pitching: RHP Justin Reynolds
Batting: LHB Steve Ingram 0-0: Ball
1-0: Called Strike
1-1: Foul Ball, location: 2F
1-2: Foul Ball, location: 2F
1-2: Ball
2-2: Ball
3-2: Base on Balls
Batting: RHB Carlos Ortega 0-0: Ball
1-0: Ball
2-0: Swinging Strike
2-1: Called Strike
Steve Ingram steals 2nd base
2-2: Strikes out swinging
Batting: LHB Arturo Acosta 0-0: Called Strike
0-1: Swinging Strike
0-2: Fly out, F5 (Popup, 5SF)
Batting: RHB Fernando López 0-0: Called Strike
0-1: Ball
1-1: Ball
2-1: SINGLE (Line Drive, 78M)
Steve Ingram to third
Runner from 3rd tries for Home, SAFE, no throw or cutoff
Batting: LHB Stan Lewis 0-0: Foul Ball, location: 2F
0-1: Called Strike
0-2: Ball
1-2: Strikes out swinging
Top of the 7th over - 1 run(s), 1 hit(s), 0 error(s), 1 left on base; New Amsterdam 2 - Chicago 2
BOTTOM OF THE 7TH
Chicago Gold Sox batting - Pitching for New Amsterdam Republics : RHP Decheng Sun
Batting: RHB Daniel Lallanilla 0-0: Ball
1-0: Ball
2-0: Ball
3-0: Called Strike
3-1: Ground out 5-3 (Groundball, 5S)
Batting: LHB Noel Ballard 0-0: Swinging Strike
0-1: SINGLE (Groundball, 4MD)
Pinch Hitting: LHB Earl Ellis 0-0: Ball
Noel Ballard is caught stealing 2nd base
1-0: Foul Ball, location: 2F
1-1: Swinging Strike
1-2: Ball
2-2: SOLO HOME RUN (Flyball, 7D), Distance : 406 ft
Batting: RHB Pablo Trujillo 0-0: Called Strike
0-1: Foul Ball, location: 2F
0-2: Ball
1-2: SINGLE (Groundball, 5D)
Batting: RHB Juan Orozco 0-0: Ball
1-0: Called Strike
Pablo Trujillo steals 2nd base
1-1: Ball
2-1: SINGLE (Line Drive, 56)
Pablo Trujillo to third
Runner from 3rd tries for Home, throw and OUT!
Bottom of the 7th over - 1 run(s), 4 hit(s), 0 error(s), 1 left on base; New Amsterdam 2 - Chicago 3
TOP OF THE 8TH
New Amsterdam Republics batting - Pitching for Chicago Gold Sox : RHP Justin Reynolds
Pitching: RHP Gene Kirkland
Now at C: Vicente Martínez
Now at 1B: Kyle Myers
Batting: RHB Ronald Shelton 0-0: Ball
1-0: Ball
2-0: Ground out 6-3 (Groundball, 6)
Pinch Hitting: RHB Rich Norman 0-0: Called Strike
0-1: Swinging Strike
0-2: Ball
1-2: Ball
2-2: Foul Ball, location: 2F
2-2: Strikes out looking
Batting: RHB José Ramírez 0-0: Ball
1-0: Swinging Strike
1-1: Swinging Strike
1-2: Strikes out swinging
Top of the 8th over - 0 run(s), 0 hit(s), 0 error(s), 0 left on base; New Amsterdam 2 - Chicago 3
BOTTOM OF THE 8TH
Chicago Gold Sox batting - Pitching for New Amsterdam Republics : RHP Decheng Sun
Pitching: RHP Gavin Blackburn
Batting: RHB Mike Brown 0-0: Ball
1-0: Ball
2-0: Swinging Strike
2-1: Called Strike
2-2: Foul Ball, location: 2F
2-2: Foul Ball, location: 2F
2-2: Fly out, F7 (Line Drive, 7S)
Batting: RHB Wayne Bannatyne 0-0: Ball
1-0: Ball
2-0: Swinging Strike
2-1: Ground out 4-3 (Groundball, 4)
Batting: LHB Vicente Martínez 0-0: Foul Ball, location: 2F
0-1: Swinging Strike
0-2: Ground out U3 (Groundball, 3)
Bottom of the 8th over - 0 run(s), 0 hit(s), 0 error(s), 0 left on base; New Amsterdam 2 - Chicago 3
TOP OF THE 9TH
New Amsterdam Republics batting - Pitching for Chicago Gold Sox : RHP Gene Kirkland
Pitching: RHP John Hicks
Batting: RHB Doug Reed 0-0: Swinging Strike
0-1: Ground out 1-3 (Groundball, 15)
Batting: LHB Steve Ingram 0-0: Foul Ball, location: 2F
0-1: Ball
1-1: Foul Ball, location: 2F
1-2: Ball
2-2: Foul Ball, location: 2F
2-2: Ball
3-2: Ground out 4-3 (Groundball, 4)
Batting: RHB Carlos Ortega 0-0: Ball
1-0: Ball
2-0: Ball
3-0: Base on Balls
Batting: LHB Arturo Acosta 0-0: Ball
1-0: Called Strike
1-1: Swinging Strike
1-2: Ball
2-2: Strikes out swinging
Top of the 9th over - 0 run(s), 0 hit(s), 0 error(s), 1 left on base; New Amsterdam 2 - Chicago 3
This league is powered by Out of the Park Baseball, the baseball management simulation game for PC, Mac and Linux
Monday, May 4th, 2015 - OOTP Baseball 15.6 Build 34